 Dungeon Crawl Stone Soup version 0.31-a0-1074-g0b22e4e0f1 (webtiles) character file.

Game seed: 12079697216124148200

7 Rhampir the Shield-Bearer (level 1, -1/18 (22) HPs)
             Began as a Troll Fighter on Nov 28, 2023.
             Frozen to death by an endoplasm (5 damage)
             ... on level 1 of the Dungeon.
             The game lasted 00:00:35 (80 turns).

Rhampir the Shield-Bearer (Troll Fighter)             Turns: 80, Time: 00:00:35

HP:   -1/18 (22)    AC:  4    Str: 23    XL:     1   Next: 83%
MP:   0/0           EV:  8    Int:  4    God:
Gold: 8             SH:  7    Dex:  9    Spells: 0/0 levels left

rFire   . . .        a - +0 flail
rCold   . . .        c - +0 kite shield
rNeg    . . .        b - +0 robe
rPois   .            (helmet restricted)
rElec   .            (no cloak)
rCorr   .            (gloves unavailable)
SInv    +            (boots unavailable)
Will    .....        (no amulet)
Stlth   +            (no ring)
HPRegen 1.03/turn    (no ring)
MPRegen 0.07/turn

%: no passive effects
@: heavily drained
A: large, unfitting armour, claws 3, regeneration 1, shaggy fur 1, tough skin 1
a: no special abilities


You were on level 1 of the Dungeon.
You visited 1 branch of the dungeon, and saw 1 of its levels.

You collected 8 gold pieces.

Inventory:

Hand Weapons
 a - a +0 flail (weapon)
Armour
 b - a +0 robe (worn)
 c - a +0 kite shield (worn)
Jewellery
 g - a ring of protection from cold
Potions
 d - 2 potions of might


   Skills:
 + Level 2.5 Fighting
 + Level 1.8 Maces & Flails
 + Level 2.5 Dodging
 + Level 2.8 Shields


You couldn't memorise any spells.
You didn't know any spells.
Your spell library was empty.

Dungeon Overview and Level Annotations

Branches:
Dungeon (1/15)

Altars:

Shops:
D:1 *


Innate Abilities, Weirdness & Mutations

You are too large for most types of armour.
You have claws for hands.
Your natural rate of healing is unusually fast.
You are covered in fur. (AC +1)
You have tough skin. (AC +1)


Message History

There is an open door here.
Found a book of Cantrips.
Found 8 gold pieces.
g - a ring of protection from cold A kobold comes into view.
It is wielding a +2 dagger of draining.
The kobold shouts!
A gnoll comes into view. It is wielding a +0 spear.
The gnoll shouts!
Found 11 gold pieces.
You barely miss the kobold. You block the kobold's attack.
You hit the kobold but do no damage. You block the gnoll's attack.
The kobold hits you but does no damage.
You feel drained.
An endoplasm comes into view.
The kobold hits you but does no damage.
You feel drained.
The gnoll hits you from afar with a +0 spear.
You closely miss the kobold. The gnoll barely misses you.
The kobold hits you with a +2 dagger of draining.
You feel drained.
You closely miss the kobold.
The gnoll hits you from afar with a +0 spear.
The kobold barely misses you.
You closely miss the kobold.
The gnoll hits you from afar with a +0 spear!
The kobold hits you with a +2 dagger of draining.
* * * LOW HITPOINT WARNING * * *
You feel drained.
* * * LOW HITPOINT WARNING * * *
The gnoll hits you from afar with a +0 spear.
* * * LOW HITPOINT WARNING * * *
You block the kobold's attack.
It was a potion of curing.
You feel better.
The gnoll hits you from afar with a +0 spear.
* * * LOW HITPOINT WARNING * * *
You block the kobold's attack.
As you read the scroll labelled BUAKIE CEAFOU, it crumbles to dust.
You feel aware of your surroundings.
You sensed 1 altar.
It was a scroll of revelation.
The endoplasm freezes you.
You are frozen.
You die...

***,***,***#......#.#)###.# #
>**,,**,*###......#..####.#** **#
,,,,,,,,.###......'.....)...***,,
***,,,,,..........##.####.##,*,**
* *,,,,,,#........###.##*.#**,***
*,,,,,,#........####.#*.#*,*,**
***,,,,,..:..#....#####.#.#,***,*
,,,,,,,*.....#.......###..,*****,
,,,,,,,,..####..@K...####..,,,,,,
***,,,,,,.####...J....##*+#******
*,*,,,,,,######.#g..#...,,,,,,,,,
***,,,*,,....##$#.#...##*,****,,*
,,,,*,*,,###........####*,*,,,,**
,,***,,,,####........###,,,,*****
,,* *,,*,####...........,,*******
,** *,,*,##........$...#*,,,,,**,
,****,,,,,,,*,,,,,,,,*,*,,,,,,,,,


You could see a gnoll, an endoplasm and a kobold.

Vanquished Creatures
  2 dart slugs (D:1)
  A hobgoblin (D:1)
3 creatures vanquished.

Notes
Turn   | Place    | Note
-------+----------+-------------------------------------------
     0 | D:1      | Rhampir the Troll Fighter began the quest for the Orb.
     0 | D:1      | Reached XP level 1. HP: 22/22 MP: 0/0
    27 | D:1      | Found Divoxkes's General Store.
    80 | D:1      | Frozen to death by an endoplasm

Illustrated notes

Levels and vault maps discovered:
D:1:      roderic_octagonal_star, layout_rooms, shapermc_ecumenical_altar_petra,
          serial_shops, nicolae_square_shop, minmay_misc_feat_encased,
          chequers_serial_rivers_room_b, item_on_display_a

Action                     || total
---------------------------++-------
  Melee: Flail             ||    12
    Use: Scroll            ||     1
         Potion            ||     1
 Armour: Robe              ||    13
  Dodge: Dodged            ||     4
  Block: Kite shield       ||     5

Table legend: (Time is in decaauts)
 A = Elapsed time spent in this place.
 B = Non-inter-level travel time spent in this place.
 C = Inter-level travel time spent in this place.
 D = Time resting spent in this place.
 E = Time spent auto-exploring this place.
 F = Levels seen in this place.
 G = Mean time per level.
                   A        B        C        D        E       F      G
               +--------+--------+--------+--------+--------+-----+--------+
         Total |     85 |     85 |      0 |      0 |      0 |   1 |   85.0 |
       Dungeon |     85 |     85 |      0 |      0 |      0 |   1 |   85.0 |
               +--------+--------+--------+--------+--------+-----+--------+

Top non-repeatable levels by time:
     D:1: 85 daAuts
